 Dungeon Crawl Stone Soup version 0.31-a0-1589-g8f5e8aebd6 (webtiles) character file.

Game seed: 5420121669741883109

26 Firecrotchwizard the Chopper (level 3, -1/33 HPs)
             Began as a Hill Orc Monk on Jan 6, 2024.
             Slain by an iguana (10 damage)
             ... on level 3 of the Dungeon.
             The game lasted 00:01:11 (336 turns).

Firecrotchwizard the Chopper (Hill Orc Monk)         Turns: 336, Time: 00:01:11

Health: -1/33      AC:  5    Str: 15    XL:     3   Next: 8%
Magic:  3/3        EV: 11    Int: 10    God:
Gold:   58         SH:  0    Dex: 13    Spells: 2/2 levels left

rFire   . . .        a - +0 hand axe
rCold   . . .        d - orb {light}
rNeg    . . .        f - +0 ring mail
rPois   .            (no helmet)
rElec   .            (no cloak)
rCorr   .            (no gloves)
SInv    .            (no boots)
Will    .....        (no amulet)
Stlth   +            (no ring)
HPRegen 0.25/turn    (no ring)
MPRegen 0.08/turn

%: no passive effects
@: glowing
A: no striking features
a: no special abilities


You were on level 3 of the Dungeon.
You visited 1 branch of the dungeon, and saw 3 of its levels.

You collected 58 gold pieces.

Inventory:

Hand Weapons
 a - a +0 hand axe (weapon)
Armour
 b - a +0 robe
 d - an orb of light (worn)
 f - a +0 ring mail (worn)
Scrolls
 e - a scroll of vulnerability {unknown}
 h - a scroll of fear {unknown}
 i - a scroll of blinking {unknown}
Potions
 c - a potion of ambrosia
 g - 2 potions of might {unknown}
 j - a potion of brilliance {unknown}
 k - a potion of lignification {unknown}
 l - a potion of heal wounds {unknown}


   Skills:
 + Level 4.1 Fighting
 * Level 5.1 Axes
 - Level 2.4 Dodging


You had 2 spell levels left.
You didn't know any spells.
Your spell library contained the following spells:

 Spells                   Type           Power      Damage    Failure   Level
 Gell's Gravitas          Tloc           0%         N/A       92%         3
 Teleport Other           Tloc           0%         N/A       92%         3
 Dispersal                Tloc           0%         N/A       100%        6


Dungeon Overview and Level Annotations

Branches:
Dungeon (3/15)

Altars:


Message History

There is a stone staircase leading down here.
You climb downwards.
Found a sling, a cyan potion, a There-And-Back Book and a fizzy golden potion.
There is a stone staircase leading up here.
j - a cyan potion
g - 2 sapphire potions (gained 1)
You pick up a There-And-Back Book and begin reading...
You add the spells Gell's Gravitas, Teleport Other and Dispersal to your library.
k - a fizzy golden potion An adder comes into view.
The adder hisses angrily.
You closely miss the adder. The adder bites you.
The adder bites you but does no damage.
You hit the adder.
The adder is moderately wounded.
The adder bites you.
You hit the adder.
The adder is almost dead.
The adder closely misses you.
You hit the adder.
You kill the adder!
Your Fighting skill increases to level 4!
A rat comes into view.
The rat squeaks loudly.
You hear a shout!
The rat moves out of view.
You see here an adder corpse.
A rat is nearby!
A hobgoblin comes into view.
Found 7 gold pieces.
The hobgoblin shouts!
The rat bites you.
You hit the rat but do no damage. The rat barely misses you.
You hit the hobgoblin.
The hobgoblin is moderately wounded.
You hit the rat but do no damage. The hobgoblin hits you. The rat misses you.
You slash the hobgoblin!
You kill the hobgoblin!
You hit the rat.
You kill the rat!
HP restored.
You now have 58 gold pieces (gained 7).
Found a stone staircase leading down.
A frilled lizard comes into view.
Found a green potion.
There is a stone staircase leading down here.
The frilled lizard bites you but does no damage.
You slash the frilled lizard!
You kill the frilled lizard!
Your Axes skill increases to level 5!
l - a green potion
There is a stone staircase leading down here.
You climb downwards.
The jackal barks! x2; You hear an angry hiss.
There is a stone staircase leading up here.
A jackal comes into view.
The jackal barks!
You hit the jackal.
The jackal is almost dead.
The jackal bites you.
The jackal bites you but does no damage.
You hit the jackal.
You kill the jackal!
You have reached level 3!
Your experience leads to an increase in your attributes!
Increase (s)trength, (i)ntelligence, or (d)exterity?
You feel stronger. x2
You hit the jackal but do no damage. The jackal closely misses you.
The jackal bites you but does no damage.
An iguana comes into view.
The iguana hisses angrily.
You hit the jackal.
The jackal is severely wounded.
The jackal bites you but does no damage. x2
You barely miss the jackal.
The jackal is severely wounded.
The jackal closely misses you.
You hit the jackal.
You kill the jackal!
You hit the jackal.
The jackal is severely wounded.
The jackal bites you but does no damage.
The jackal bites you.
You hit the jackal.
You kill the jackal!
You hit the iguana but do no damage. The iguana barely misses you.
You hit the iguana but do no damage. The iguana bites you.
You hit the iguana.
The iguana is lightly wounded.
The iguana bites you!
You hit the iguana but do no damage.
The iguana is lightly wounded.
The iguana bites you!
* * * LOW HITPOINT WARNING * * *
You hit the iguana but do no damage.
The iguana is lightly wounded.
The iguana closely misses you.
You hit the iguana.
The iguana is heavily wounded.
The iguana bites you!
You die...

. ... # ....###
.#.#
.......####....##
.......<.@l......
.......####...###
#...##. ### #..
#. # #. #. ##


You could see an iguana.

Vanquished Creatures
  An adder (D:2)
  An endoplasm (D:1)
  A giant cockroach (D:1)
  A goblin (D:1)
  A hobgoblin (D:2)
  3 jackals (D:3)
  A quokka (D:1)
  4 ball pythons (D:1)
  2 frilled lizards
  2 kobolds (D:1)
  A rat (D:2)
18 creatures vanquished.

Notes
Turn   | Place    | Note
-------+----------+-------------------------------------------
     0 | D:1      | Firecrotchwizard the Hill Orc Monk began the quest for the
                  | Orb.
     0 | D:1      | Reached XP level 1. HP: 19/19 MP: 1/1
    87 | D:1      | Reached XP level 2. HP: 26/27 MP: 2/2
   314 | D:2      | Reached skill level 5 in Axes
   325 | D:3      | Reached XP level 3. HP: 31/33 MP: 3/3
   336 | D:3      | Slain by an iguana

Illustrated notes

Levels and vault maps discovered:
D:1:      lemuel_arrival_lava_pool, layout_basic,
          shapermc_ecumenical_altar_mp_urbaneastern, serial_park_tiny_pond,
          serial_park_tiny_1
D:2:      minmay_wonky_spiral, layout_basic
D:3:      layout_loops_ring, nicolae_overflow_ecumenical_swirl,
          mainiacjoe_overflow_alcove_2, serial_shops,
          nicolae_shop_getting_attention, minmay_misc_feat_hallway,
          minmay_quantized, uniq_terence

Skill      XL: |  1  2 |
---------------+-------+-----
Fighting       | 4 |  4.1
Axes           | 5 |  5.1
Dodging        | |  2.4

Action                     || total
---------------------------++-------
  Melee: Hand axe          ||    43
 Armour: Ring mail         ||    30
  Dodge: Dodged            ||    19

Table legend: (Time is in decaauts)
 A = Elapsed time spent in this place.
 B = Non-inter-level travel time spent in this place.
 C = Inter-level travel time spent in this place.
 D = Time resting spent in this place.
 E = Time spent auto-exploring this place.
 F = Levels seen in this place.
 G = Mean time per level.
                   A        B        C        D        E       F      G
               +--------+--------+--------+--------+--------+-----+--------+
         Total |    338 |    308 |     30 |      0 |    187 |   3 |  112.7 |
       Dungeon |    338 |    308 |     30 |      0 |    187 |   3 |  112.7 |
               +--------+--------+--------+--------+--------+-----+--------+

Top non-repeatable levels by time:
     D:1: 212 daAuts
     D:2: 110 daAuts
     D:3: 16 daAuts
